 Dungeon Crawl Stone Soup version 0.24.0-123-gd5b16e6ec5 (webtiles) character file.

Game seed: 12124057253193500259, levelgen mode: deterministic

628 DungeonDestroyer the Shield-Bearer (level 7, 0/60 HPs)
             Began as a Gnoll Fighter on Dec 26, 2019.
             Slain by Menkaure (11 damage)
             ... on level 4 of the Dungeon.
             The game lasted 00:09:09 (3922 turns).

DungeonDestroyer the Shield-Bearer (Gnoll Fighter)  Turns: 3922, Time: 00:09:10

Health: 0/60       AC: 11    Str: 20    XL:     7   Next: 48%
Magic:  10/10      EV:  7    Int: 11    God:
Gold:   186        SH: 11    Dex: 14    Spells: 10/10 levels left

rFire    + . .     SeeInvis .   e - +5 morningstar
rCold    . . .     Gourm    .   c - +0 shield
rNeg     . . .     Faith    .   j - +0 chain mail
rPois    .         Spirit   .   (no helmet)
rElec    .         Reflect  .   (no cloak)
rCorr    .         Harm     .   (no gloves)
MR       .....                  k - +0 pair of boots
Stlth    ..........             s - amulet of regeneration
HPRegen  0.60/turn              n - ring of protection from fire
MPRegen  0.12/turn              (no ring)

@: no status effects
A: distributed training, fangs 1, strong nose
a: no special abilities


You were on level 4 of the Dungeon.
You were not hungry.

You visited 2 branches of the dungeon, and saw 5 of its levels.

You collected 186 gold pieces.

Inventory:

Hand Weapons
 a - a +0 war axe
 e - a +5 morningstar (weapon)
Missiles
 o - 2 boomerangs (quivered)
Armour
 c - a +0 shield (worn)
 j - a +0 chain mail (worn)
 k - a +0 pair of boots (worn)
Jewellery
 n - a ring of protection from fire (left hand)
 s - an amulet of regeneration (around neck)
Wands
 l - a wand of enslavement (6)
Scrolls
 g - a scroll of identify
 i - a scroll of amnesia
 p - 3 scrolls of teleportation
Potions
 b - 3 potions of heal wounds
 d - a potion of might
 h - 2 potions of curing
 m - a potion of lignification
Comestibles
 f - 5 rations
 q - 4 chunks of flesh


   Skills:
 + Level 7.0 Fighting
 + Level 2.4 Short Blades
 + Level 2.4 Long Blades
 + Level 5.2 Axes
 + Level 2.4 Maces & Flails
 + Level 2.4 Polearms
 + Level 2.4 Staves
 + Level 2.4 Slings
 + Level 2.4 Bows
 + Level 2.4 Crossbows
 + Level 2.4 Throwing
 + Level 7.0 Armour
 + Level 2.4 Dodging
 + Level 2.4 Stealth
 + Level 7.0 Shields
 + Level 2.4 Unarmed Combat
 + Level 2.4 Spellcasting
 + Level 2.0 Conjurations
 + Level 2.0 Hexes
 + Level 2.0 Charms
 + Level 2.0 Summonings
 + Level 2.0 Necromancy
 + Level 2.0 Translocations
 + Level 2.0 Transmutations
 + Level 2.0 Fire Magic
 + Level 2.0 Ice Magic
 + Level 2.0 Air Magic
 + Level 2.0 Earth Magic
 + Level 2.0 Poison Magic
 + Level 2.7 Invocations
 + Level 2.4 Evocations


You had 10 spell levels left.
You didn't know any spells.
Your spell library was empty.

Dungeon Overview and Level Annotations

Branches:
Dungeon (4/15)             Temple (1/1) D:4

Altars:
Dithmenos
Elyvilon
Fedhas
Hepliaklqana
Kikubaaqudgha
Makhleb
Nemelex Xobeh
Qazlal
Ru
Trog
Uskayaw
Vehumet
Wu Jian
Yredelemnul
The Shining One

Annotations:
D:4 Menkaure


Innate Abilities, Weirdness & Mutations

Your experience applies equally to all skills.
You have very sharp teeth.
Your uncanny sense of smell can sniff out nearby items.


Message History

You block Menkaure's attack.
Unknown command.
You barely miss Menkaure. You bite Menkaure.
Menkaure is heavily damaged.
Menkaure hits you but does no damage.
Menkaure blazes with dark energy!
Menkaure barely misses you.
You hit Menkaure but do no damage.
Menkaure is heavily damaged.
Menkaure barely misses you. Menkaure hits you!
* * * LOW HITPOINT WARNING * * *
Your chain mail prevents you from hitting Menkaure.
Menkaure is heavily damaged.
Menkaure breathes soot at you. You block Menkaure's attack.
Unknown command.
You hit Menkaure but do no damage. Your bite misses Menkaure.
Menkaure is heavily damaged.
Menkaure hits you!
You die...

.......#.#####'##.##...
......................
.....#.####.รท##.##...
....#.####..##.##...
...#.......##.##...
..#.......##......
#.#.......##.##...
#M#.....#.##.##.#.
###@#.....#.##.##.#.
#####.........'.........
#......##.....#.##......
#......##.....#.........
#......##.#####.........
#......##.# #......#.#.
#......##.# #......#.#.
#......##.####......#.#.
#.....<+................


You could see Menkaure.

Vanquished Creatures
  A phantom (D:4)
  An ogre (D:4)
  A centaur skeleton (D:4)
  4 orc priests
  An orc wizard (D:4)
  An iguana (D:4)
  A worker ant (D:4)
  4 gnolls (D:2)
  6 adders
  An adder zombie (D:3)
  3 worms
  2 dart slugs
  7 leopard geckos
  8 orcs
  A ball python (D:3)
  12 bats
  4 giant cockroaches
  15 goblins
  4 hobgoblins
  5 jackals (D:3)
  14 kobolds
  3 quokkas
  5 frilled lizards
  8 rats
112 creatures vanquished.

Notes
Turn   | Place    | Note
-------+----------+-------------------------------------------
     0 | D:1      | DungeonDestroyer the Gnoll Fighter began the quest for the
                  | Orb.
     0 | D:1      | Reached XP level 1. HP: 23/23 MP: 1/1
    55 | D:1      | Reached XP level 2. HP: 27/29 MP: 2/2
   406 | D:1      | Reached XP level 3. HP: 35/35 MP: 3/3
   765 | D:2      | Found a glowing golden altar of the Shining One.
   816 | D:2      | Reached skill level 1 in Invocations
   921 | D:2      | Reached skill level 1 in Short Blades
   921 | D:2      | Reached skill level 1 in Long Blades
   921 | D:2      | Reached skill level 1 in Maces & Flails
   921 | D:2      | Reached skill level 1 in Polearms
   921 | D:2      | Reached skill level 1 in Staves
   921 | D:2      | Reached skill level 1 in Slings
   921 | D:2      | Reached skill level 1 in Bows
   921 | D:2      | Reached skill level 1 in Crossbows
   921 | D:2      | Reached skill level 1 in Throwing
   921 | D:2      | Reached skill level 1 in Dodging
   921 | D:2      | Reached skill level 1 in Stealth
   921 | D:2      | Reached skill level 1 in Unarmed Combat
   921 | D:2      | Reached skill level 1 in Spellcasting
   921 | D:2      | Reached skill level 1 in Evocations
   921 | D:2      | Reached XP level 4. HP: 28/41 MP: 5/5
  1116 | D:2      | Reached skill level 1 in Conjurations
  1116 | D:2      | Reached skill level 1 in Hexes
  1116 | D:2      | Reached skill level 1 in Charms
  1116 | D:2      | Reached skill level 1 in Summonings
  1116 | D:2      | Reached skill level 1 in Necromancy
  1116 | D:2      | Reached skill level 1 in Translocations
  1116 | D:2      | Reached skill level 1 in Transmutations
  1116 | D:2      | Reached skill level 1 in Fire Magic
  1116 | D:2      | Reached skill level 1 in Ice Magic
  1116 | D:2      | Reached skill level 1 in Air Magic
  1116 | D:2      | Reached skill level 1 in Earth Magic
  1116 | D:2      | Reached skill level 1 in Poison Magic
  1169 | D:2      | Found a stormy altar of Qazlal.
  1169 | D:2      | Found a faded altar of an unknown god.
  1175 | D:2      | Found a faded altar of an unknown god.
  1177 | D:2      | Found a blossoming altar of Fedhas.
  1179 | D:2      | Found a glowing golden altar of the Shining One.
  1356 | D:2      | Reached XP level 5. HP: 32/47 MP: 6/6
  1827 | D:3      | HP: 2/47 [orc priest/divine providence (16)]
  2422 | D:3      | Reached XP level 6. HP: 53/53 MP: 8/8
  2739 | D:4      | Reached skill level 5 in Axes
  2962 | D:4      | Found a staircase to the Ecumenical Temple.
  2974 | Temple   | Entered the Ecumenical Temple
  3390 | D:4      | Noticed a phantom
  3425 | D:4      | Killed a phantom
  3425 | D:4      | Reached XP level 7. HP: 47/59 MP: 10/10
  3901 | D:4      | Noticed Menkaure
  3922 | D:4      | Slain by Menkaure

Levels and vault maps discovered:
D:1:      lemuel_arrival_muddy, layout_basic, serial_park_tiny_2
D:2:      layout_loops_ring, chequers_temple_overflow_minitemple, tso_metal_star
D:3:      layout_loops_ring
D:4:      layout_basic, minmay_temple_entry_proselytizer, uniq_menkaure
Temple:   hc_temple_tempest_star

Skill      XL: |  1  2  3  4  5  6  7 |
---------------+----------------------+-----
Invocations    | 1 2 |  2.7
Short Blades   | 1 2 |  2.4
Long Blades    | 1 2 |  2.4
Maces & Flails | 1 2 |  2.4
Polearms       | 1 2 |  2.4
Staves         | 1 2 |  2.4
Slings         | 1 2 |  2.4
Bows           | 1 2 |  2.4
Crossbows      | 1 2 |  2.4
Throwing       | 1 2 |  2.4
Dodging        | 1 2 |  2.4
Stealth        | 1 2 |  2.4
Unarmed Combat | 1 2 |  2.4
Spellcasting   | 1 2 |  2.4
Evocations     | 1 2 |  2.4
Conjurations   | 1 2 |  2.0
Hexes          | 1 2 |  2.0
Charms         | 1 2 |  2.0
Summonings     | 1 2 |  2.0
Necromancy     | 1 2 |  2.0
Translocations | 1 2 |  2.0
Transmutations | 1 2 |  2.0
Fire Magic     | 1 2 |  2.0
Ice Magic      | 1 2 |  2.0
Air Magic      | 1 2 |  2.0
Earth Magic    | 1 2 |  2.0
Poison Magic   | 1 2 |  2.0
Axes           | 5 |  5.2
Fighting       | 7 |  7.0
Armour         | 7 |  7.0
Shields        | 7 |  7.0

Action                   |  1- 3 |  4- 6 |  7- 9 || total
-------------------------+-------+-------+-------++-------
Melee: War axe           |    81 |   199 |    33 ||   313
       Bite              |     9 |    16 |     3 ||    28
       Morningstar       |       |       |    10 ||    10
  Use: Potion            |     3 |     2 |       ||     5
       Scroll            |     2 |     2 |     2 ||     6
  Eat: Chunk             |       |     7 |       ||     7
       Ration            |       |     1 |       ||     1
Armor: Scale mail        |    39 |     5 |       ||    44
       Chain mail        |       |    75 |    16 ||    91
Dodge: Dodged            |    19 |    48 |    15 ||    82
Block: Shield            |    61 |   115 |    28 ||   204
